Map: Dreamcatcher LE

Players

NoobForHire - Winner!

  • Race: Terran Terran
  • Spawn Location: 5:00

Test

  • Race: Terran Terran
  • League: Silver
  • Spawn Location: 11:00

VOD

Have the link to the VOD?

Description

Time

  • Played on: May 15, 2018, 7:29 p.m.
  • Length: 5:52
Show
View Real Time Build Order
Export as new Build Order

NoobForHire Terran - Winner!

Build Orders:  

Get SALT Encoding   

  12  0:01  SCV  
  13  0:16  Supply Depot  
  13  0:18  SCV  
  14  0:30  SCV  
  15  0:38  Barracks  
  15  0:42  SCV  
  16  0:55  SCV  
  17  0:59  Refinery  
  17  1:03  Refinery  
  17  1:07  SCV  
  18  1:19  SCV  
  19  1:26  Marine, Supply Depot  
  19  1:31  SCV  
  21  1:43  SCV  
  21  1:44  Marine  
  23  1:51  Factory  
  23  2:02  Marine, SCV  
  25  2:10  Supply Depot  
  25  2:20  Marine, SCV  
  27  2:32  SCV  
  27  2:36  Factory Tech Lab  
  28  2:37  Marine  
  28  2:38  Starport  
  29  2:44  Orbital Command  
  29  2:53  Supply Depot  
  29  2:55  Marine  
  29  2:57  Siege Tank  
  33  3:13  Marine  
  33  3:14  Starport Reactor  
  34  3:31  Marine  
  34  3:32  Supply Depot  
  35  3:34  Siege Tank  
  38  3:49  Marine  
  38  3:50  Medivac x2  
  43  4:07  Command Center  
  43  4:11  Marine  
  44  4:20  Medivac  
  46  4:27  Siege Tank  
  46  4:29  Marine  
  50  4:35  Engineering Bay  
  50  4:50  Refinery  
  50  5:13  Siege Tank  
  53  5:20  Supply Depot  
  53  5:22  Missile Turret  
  53  5:34  Missile Turret  
Show
View Real Time Build Order
Export as new Build Order

Test Terran 

Build Orders:  

Get SALT Encoding   

  12  0:02  SCV  
  13  0:14  SCV  
  13  0:20  Supply Depot  
  14  0:26  SCV  
  15  0:31  Refinery  
  15  0:42  SCV  
  16  0:48  Barracks  
  16  1:03  Supply Depot  
  16  1:12  Barracks  
  16  1:16  SCV  
  17  1:28  SCV  
  18  1:36  Marine  
  19  1:42  Barracks  
  19  2:00  Marine  
  20  2:02  Barracks Tech Lab  
  20  2:07  Barracks  
  20  2:16  Factory  
  20  2:21  Marine  
  21  2:28  Orbital Command  
  21  2:35  Barracks Reactor  
  21  2:39  Marine  
  22  3:10  Starport  
  22  3:13  Command Center  
  22  3:20  Refinery  
  22  3:23  SCV  
  22  3:25  Marine  
  24  3:30  Barracks Tech Lab  
  24  3:36  SCV  
  25  3:54  SCV  
  26  4:06  SCV  
  26  4:07  Starport Tech Lab  
  27  4:12  Starport  
  27  4:19  Siege Tank  
  27  4:21  SCV  
  31  4:27  Refinery  
  31  4:33  SCV  
  32  4:38  Orbital Command  
  32  4:45  SCV, Refinery  
  33  4:52  Starport Tech Lab  
  33  4:59  SCV  
  34  5:07  SCV  
  34  5:11  SCV  
  36  5:19  SCV  
  43  5:23  SCV  
Tags
 
Add a new tag
Caveats
  • Supply blocks, unpowered buildings, or Contaminate may cause inaccurate times.
  • Supply counts are checked every 10 seconds.